 Dungeon Crawl Stone Soup version 0.31-a0-174-g85c54bcb58 (webtiles) character file.

Game seed: 8682504738726758696

123 qw the Shooter (level 5, -1/49 HPs)
             Began as a Naga Hunter on June 15, 2023.
             Succumbed to a goblin's poison
             ... on level 2 of the Dungeon.
             The game lasted 00:00:28 (1609 turns).

qw the Shooter (Naga Hunter)                        Turns: 1609, Time: 00:00:29

Health: -1/49      AC:  5    Str: 13    XL:     5   Next: 7%
Magic:  5/5        EV:  9    Int: 10    God:
Gold:   33         SH:  0    Dex: 16    Spells: 4/4 levels left

rFire   . . .        Y - +0 shortbow
rCold   . . .        (shield currently unavailable)
rNeg    . . .        c - +0 leather armour
rPois   +            f - +0 helmet
rElec   .            (no cloak)
rCorr   .            d - +0 pair of gloves
SInv    +            (no barding)
Will    .....        (no amulet)
Stlth   ++           (no ring)
HPRegen 0.28/turn    (no ring)
MPRegen 0.09/turn

%: no passive effects
@: lethally poisoned (-1 -> -8), short of breath, very slow
A: AC +1, large, see invisible, deformed body, poison resistance, slowness 2,
spit poison 1, naga tail 1
a: Spit Poison


You were on level 2 of the Dungeon.
You visited 1 branch of the dungeon, and saw 2 of its levels.

You collected 33 gold pieces.


Innate Abilities, Weirdness & Mutations

Your serpentine skin is tough. (AC +1)
You have supernaturally acute eyesight. (SInv)
Armour fits poorly on your strangely shaped body.
Your system is resistant to poisons. (rPois)
You cover ground very slowly.
You can spit poison.
You have a snake-like lower body.


   Skills:
 - Level 3.0 Fighting
 + Level 5.2 Ranged Weapons
 - Level 1.5 Dodging
 - Level 1.5 Stealth


You had 4 spell levels left.
You didn't know any spells.
Your spell library was empty.

Inventory:

Hand Weapons
 Y - a +0 shortbow (weapon)
Armour
 c - a +0 leather armour (worn)
 d - a +0 pair of gloves (worn)
 f - a +0 helmet (worn)
Jewellery
 i - a ring of flight
Scrolls
 a - 2 scrolls of identify
 h - a scroll of enchant armour {unknown}
Potions
 b - 2 potions of haste {unknown}
 e - a potion of heal wounds {unknown}
 g - a potion of lignification {unknown}

Dungeon Overview and Level Annotations

Branches:
Dungeon (2/15)

Altars:
Hepliaklqana


Message History

You feel very sick.
The goblin hits you with a +1 dagger of venom.
You are more poisoned.
You shoot an arrow. The arrow hits the hobgoblin.
The hobgoblin is moderately wounded.
You feel very sick. The hobgoblin closely misses you.
The goblin hits you but does no damage.
The hobgoblin hits you but does no damage.
You shoot an arrow. The arrow hits the hobgoblin.
You kill the hobgoblin!
You feel very sick. The hobgoblin hits you.
The goblin hits you but does no damage.
The hobgoblin hits you but does no damage.
The hobgoblin hits you.
The goblin hits you with a +1 dagger of venom.
You are lethally poisoned!
You shoot an arrow. The arrow hits the hobgoblin!
You kill the hobgoblin!
You feel very sick. The hobgoblin barely misses you.
The goblin hits you but does no damage.
You shoot an arrow.
The arrow hits the hobgoblin but does no damage.
You have got your breath back.
You feel very sick.
The goblin hits you with a +1 dagger of venom.
The hobgoblin barely misses you.
1607 ||| INVOKING Spit Poison.
Aiming: Spit Poison (1% risk of failure)
Press: ? - help, Shift-Dir - straight line, f/p - hobgoblin The splash of poison hits the hobgoblin.
The hobgoblin is moderately wounded.
You feel very sick.
The hobgoblin hits you but does no damage.
The goblin hits you with a +1 dagger of venom.
You shoot an arrow. The arrow hits the hobgoblin.
You kill the hobgoblin!
You feel very sick.
The goblin hits you with a +1 dagger of venom.
You shoot an arrow. The arrow closely misses the goblin.
You die...

###########.##.#.#.%.......#....#
.........#..##.#.#######.#.#....#
#.######.#..........).##.#.......
#..............#..###..#.#.......
#.######.#..#.##.## ##...........
.................# #...#.#.###.
#.######.......### +####...#.##..
#.########....##g#...# ##..#.....
#.............'.@)...+ #..####..
#######.......##%#...# ##..##....
##.####........### '####.........
......#......#...# .#...........
...............#.## ##...........
.#.............<..###..........##
.#...#..........#.....#.#####..##
.#..(............##............#.
.#.#....)....#......##.#######.#.


You could see a goblin.

Vanquished Creatures
  Terence (D:2)
  4 gnolls (D:2)
  An adder (D:2)
  2 worms (D:2)
  A dart slug (D:2)
  3 orcs (D:2)
  3 ball pythons
  3 endoplasms
  A giant cockroach (D:2)
  5 goblins
  8 hobgoblins
  3 kobolds
  A quokka (D:1)
  2 rats
38 creatures vanquished.

Notes
Turn   | Place    | Note
-------+----------+-------------------------------------------
     0 | D:1      | qw the Naga Hunter began the quest for the Orb.
     0 | D:1      | Reached XP level 1. HP: 19/19 MP: 1/1
     0 | D:1      | 0 ||| qw: Version: 0.2-a-29-g511e9b1
     0 | D:1      | 0 ||| qw: Game counter: 5243
     0 | D:1      | 0 ||| qw: Always use a shield: true
     0 | D:1      | 0 ||| qw: God list: Okawaru
     0 | D:1      | 0 ||| qw: Allow faded altars: false
     0 | D:1      | 0 ||| qw: Do Orc after D:15 true
     0 | D:1      | 0 ||| qw: Do second Lair branch before Depths: true
     0 | D:1      | 0 ||| qw: Lair rune preference: random
     0 | D:1      | 0 ||| qw: Plans: Normal
     0 | D:1      | 0 ||| PLANNING D:1-11
    20 | D:1      | 20 ||| INVOKING Spit Poison.
    45 | D:1      | 45 ||| INVOKING Spit Poison.
    89 | D:1      | 89 ||| INVOKING Spit Poison.
   136 | D:1      | Reached skill level 4 in Ranged Weapons
   136 | D:1      | Reached XP level 2. HP: 26/26 MP: 2/2
   174 | D:1      | 174 ||| INVOKING Spit Poison.
   440 | D:1      | 440 ||| INVOKING Spit Poison.
   616 | D:1      | 616 ||| INVOKING Spit Poison.
   619 | D:1      | 619 ||| INVOKING Spit Poison.
   823 | D:1      | 823 ||| UPGRADING to +0 pair of gloves.
   828 | D:1      | 828 ||| UPGRADING to +0 helmet.
   833 | D:1      | 833 ||| READING scroll labelled LOLUACKEAME.
   834 | D:1      | 834 ||| READING scroll labelled HIMOTE QIHONANG.
   835 | D:1      | 835 ||| DROPPING scroll of butterflies.
   890 | D:2      | 890 ||| INVOKING Spit Poison.
   904 | D:2      | 904 ||| INVOKING Spit Poison.
   942 | D:2      | Found a hazy altar of Hepliaklqana.
   949 | D:2      | 949 ||| INVOKING Spit Poison.
   952 | D:2      | 952 ||| INVOKING Spit Poison.
   955 | D:2      | 955 ||| INVOKING Spit Poison.
   996 | D:2      | 996 ||| INVOKING Spit Poison.
  1012 | D:2      | Noticed Terence
  1014 | D:2      | 1014 ||| INVOKING Spit Poison.
  1020 | D:2      | 1020 ||| INVOKING Spit Poison.
  1020 | D:2      | Killed Terence
  1021 | D:2      | Reached XP level 3. HP: 26/32 MP: 3/3
  1090 | D:2      | 1090 ||| INVOKING Spit Poison.
  1142 | D:2      | 1142 ||| INVOKING Spit Poison.
  1147 | D:2      | 1147 ||| INVOKING Spit Poison.
  1150 | D:2      | Reached skill level 5 in Ranged Weapons
  1150 | D:2      | Reached XP level 4. HP: 27/39 MP: 4/4
  1151 | D:2      | 1151 ||| INVOKING Spit Poison.
  1155 | D:2      | 1155 ||| INVOKING Spit Poison.
  1220 | D:2      | 1220 ||| INVOKING Spit Poison.
  1242 | D:2      | 1242 ||| INVOKING Spit Poison.
  1245 | D:2      | 1245 ||| INVOKING Spit Poison.
  1312 | D:2      | 1312 ||| INVOKING Spit Poison.
  1388 | D:2      | 1388 ||| INVOKING Spit Poison.
  1393 | D:2      | 1393 ||| INVOKING Spit Poison.
  1399 | D:2      | Reached skill level 3 in Fighting
  1399 | D:2      | 1399 ||| INVOKING Spit Poison.
  1402 | D:2      | 1402 ||| INVOKING Spit Poison.
  1592 | D:2      | 1592 ||| INVOKING Spit Poison.
  1593 | D:2      | Reached XP level 5. HP: 49/49 MP: 5/5
  1595 | D:2      | 1595 ||| INVOKING Spit Poison.
  1601 | D:2      | 1601 ||| INVOKING Spit Poison.
  1606 | D:2      | HP: 12/49 [poisoned by a goblin]
  1607 | D:2      | 1607 ||| INVOKING Spit Poison.
  1607 | D:2      | HP: 4/49 [goblin/+1 dagger of venom (2)]
  1608 | D:2      | HP: 1/49 [goblin/+1 dagger of venom (1)]
  1609 | D:2      | Succumbed to a goblin's poison

Levels and vault maps discovered:
D:1:      erik_arrival_blinker_ship, layout_basic,
          chequers_serial_rivers_micro_e
D:2:      cheibrodos_greedy_goblins, layout_basic, basic_altar,
          minmay_misc_feat_diagonals, uniq_terence

Skill      XL: |  1  2  3  4 |
---------------+-------------+-----
Ranged Weapons | 4 5 |  5.2
Fighting       | 3 |  3.0
Dodging        | |  1.5
Stealth        | |  1.5

Action                     |  1- 3 |  4- 6 || total
---------------------------+-------+-------++-------
   Fire: Shortbow          |    40 |    42 ||    82
Ability: Spit Poison       |    18 |    14 ||    32
    Use: Scroll            |     2 |       ||     2
 Armour: Leather armour    |     2 |    16 ||    18
  Dodge: Dodged            |     7 |    13 ||    20

Table legend:
 A = Non-vault XP
 B = Vault XP
 C = Vault XP percentage of total XP
 D = Non-vault monster count
 E = Vault monster count
 F = Vault count percentage of total count
                 A         B        C        D         E       F
            +---------+---------+-------+---------+---------+-------
      Total |     127 |      50 |  28.2 |      30 |       8 |  21.1
            +---------+---------+-------+---------+---------+-------
        D:1 |      19 |       0 |   0.0 |      11 |       0 |   0.0
        D:2 |     108 |      50 |  31.6 |      19 |       8 |  29.6
            +---------+---------+-------+---------+---------+-------
